[Event "The Kvibergspelen 2024"]
[Site "Kviberg Park Hotel & Conference, Krutvagen 2, Gothenburg, Sweden"]
[Date "2024.09.07"]
[Round "6.1"]
[White "Kucuksari, Kaan"]
[Black "Sorensen, Hampus"]
[Result "1-0"]
[TimeControl "15 minutes + 5 seconds per move from move one (Round 1 - 4) / 90 minutes + 30 seconds per move from move one (Round 5 - 8)"]
[WhiteTitle "IM"]
[BlackTitle "IM"]
[WhiteFideId "6380166"]
[BlackFideId "8703884"]
[WhiteElo "2455"]
[BlackElo "2420"]

1. d4 d5 2. Nf3 Nf6 3. c4 c5 4.
cxd5 cxd4 5. Nxd4 Nxd5 6. e4 Nf6 7. Nc3 e5 8. Bb5+ Bd7 9. Bxd7+ Qxd7 10. Nf5 Qxd1+ 11. Kxd1 g6 12. Ne3 Nc6 13.
Ned5 Nxd5 14. Nxd5 O-O-O 15. Ke2 Nd4+ 16. Kd3 Ne6 17. Be3 Kb8 18. Rac1 Bd6 19. Rhd1 Rc8 20. g4 Rxc1 21. Rxc1 h5 22.
h3 b6 23. b4 hxg4 24. hxg4 Rd8 25. a3 Nc7 26. Rh1 f5 27. Bg5 Rg8 28. Nf6 Rg7 29. exf5 gxf5 30. gxf5 Rxg5 31. Rh8+ Kb7 32.
Ne4 Rg4 33. Nxd6+ Kc6 34. Ne4 Rf4 35. f6 Ne6 36. Ke3 Nd4 37. Rd8 Rf3+ 38. Kd2 Rf4 39. b5+ Kc7 40. Re8 Kd7 41. Re7+ Kd8 42. Rxe5 Nf5 43. f7 Ne7 44. Ng5 Kd7 45.
Ke3 Rf6 46. f4 Nf5+ 47. Kf3 Nd6 48. Re6 Rf5 49. Kg4 Rxf7 50. Rxd6+ 1-0

[Event "The Kvibergspelen 2024"]
[Site "Kviberg Park Hotel & Conference, Krutvagen 2, Gothenburg, Sweden"]
[Date "2024.09.07"]
[Round "6.2"]
[White "Ernst, Thomas"]
[Black "Lindberg, Bengt"]
[Result "0-1"]
[TimeControl "15 minutes + 5 seconds per move from move one (Round 1 - 4) / 90 minutes + 30 seconds per move from move one (Round 5 - 8)"]
[WhiteTitle "GM"]
[BlackTitle "IM"]
[WhiteFideId "1700065"]
[BlackFideId "1700359"]
[WhiteElo "2261"]
[BlackElo "2337"]

1. d4 Nf6 2. c4 e6 3. Nc3 Bb4 4. e3 b6 5. Nge2 Ba6 6. Ng3 Bxc3+ 7. bxc3 d5 8. Ba3 Bxc4 9. Bxc4 dxc4 10.
Qa4+ Qd7 11. Qxc4 Qc6 12. Qxc6+ Nxc6 13. c4 a6 14. Ke2 b5 15. Rac1 Na5 16. c5 Nc4 17. Bb4 Nd5 18. Bd2 f5 19.
e4 fxe4 20. Nxe4 O-O 21. Be3 Rae8 22. Nc3 c6 23. Nxd5 exd5 24. Rc2 a5 25. Kd3 Na3 26. Rb2 b4 27. Rc1 Rb8 28. Rb3 Rb5 29.
Rxa3 bxa3 30. Rc3 Rb4 31. Rxa3 a4 32. Rc3 Rb2 33. Rc2 Rfb8 34. Bc1 Rxc2 35. Kxc2 Rb4 36. Bb2 a3 37. Bc3 Rb5 38.
f3 Kf7 39. g4 Kf6 40. h4 h5 41. Kc1 hxg4 42. fxg4 Rb8 43. Kc2 Ke6 44. h5 Rf8 45. g5 Rb8 46. h6 gxh6 47. gxh6 Kf6 0-1

[Event "The Kvibergspelen 2024"]
[Site "Kviberg Park Hotel & Conference, Krutvagen 2, Gothenburg, Sweden"]
[Date "2024.09.07"]
[Round "6.3"]
[White "Eriksson, Kristian"]
[Black "Arman, Deniz"]
[Result "0-1"]
[TimeControl "15 minutes + 5 seconds per move from move one (Round 1 - 4) / 90 minutes + 30 seconds per move from move one (Round 5 - 8)"]
[BlackTitle "FM"]
[WhiteFideId "1705172"]
[BlackFideId "6302106"]
[WhiteElo "2051"]
[BlackElo "2348"]

1. e4 d6 2. d4 Nf6 3. Nc3 e5 4. dxe5 dxe5 5. Qxd8+ Kxd8 6. Nf3 Bd6 7. Bg5 Be6 8. O-O-O Nbd7 9.
Bb5 Kc8 10. a3 a6 11. Be2 b5 12. h3 Ne8 13. Kb1 Bc5 14. Rhf1 f6 15. Bc1 c6 16. Nd2 h5 17. Nb3 Bb6 18.
f4 Kc7 19. fxe5 fxe5 20. g4 h4 21. Rf3 a5 22. Be3 Bxe3 23. Rxe3 Rf8 24. Rf3 Rxf3 25. Bxf3 Bxb3 26. cxb3 Nc5 27.
Kc2 Nd6 28. b4 axb4 29. axb4 Ne6 30. Be2 Ng5 31. Bd3 Rf8 32. Rf1 Rxf1 33. Bxf1 Ndxe4 34. Nxe4 Nxe4 35. Bg2 Ng5 36. Kd3 Kd6 37.
Ke3 g6 38. Kd3 Ne6 39. Ke4 Nf4 40. Bf1 Ke6 41. Kf3 g5 42. Ke4 Kf6 43. Kf3 Ke7 44. Ke4 Ke6 45. Kf3 Kd5 46. Ke3 e4 0-1

[Event "The Kvibergspelen 2024"]
[Site "Kviberg Park Hotel & Conference, Krutvagen 2, Gothenburg, Sweden"]
[Date "2024.09.07"]
[Round "6.4"]
[White "Grahn, Vidar"]
[Black "Karlsson, Stefan"]
[Result "1-0"]
[TimeControl "15 minutes + 5 seconds per move from move one (Round 1 - 4) / 90 minutes + 30 seconds per move from move one (Round 5 - 8)"]
[WhiteTitle "FM"]
[WhiteFideId "1744780"]
[BlackFideId "1771183"]
[WhiteElo "2219"]
[BlackElo "2035"]

1. d4 Nf6 2. c4 g6 3. Nc3 Bg7 4. e4 d6 5. Be2 O-O 6. Be3 a5 7. h4 h5 8. f3 e5 9. d5 c6 10.
Qd2 cxd5 11. cxd5 a4 12. Nh3 Bd7 13. Nf2 Qa5 14. g4 b5 15. Bg5 b4 16. Ncd1 hxg4 17. fxg4 Nh7 18. Be7 Re8 19.
Bxd6 Bf8 20. Bxf8 Nxf8 21. h5 Na6 22. h6 Kh7 23. Ne3 Bb5 24. Bxb5 Qxb5 25. Qd3 Qd7 26. Nc4 Nc5 27. Qf3 Ra6 28.
g5 Qe7 29. Ng4 Nfd7 30. O-O Rf8 31. Nf6+ Kh8 32. Ne3 Nd3 33. Nxd7 Qxd7 34. Qe2 Nc5 35. Ng4 Qa7 36. Rf2 Nd7 37.
Raf1 Rd6 38. Kg2 Nc5 39. Nxe5 Qe7 40. Nxf7+ Rxf7 41. Rxf7 Qxg5+ 42. Kh1 Qh4+ 43. Kg1 1-0

[Event "The Kvibergspelen 2024"]
[Site "Kviberg Park Hotel & Conference, Krutvagen 2, Gothenburg, Sweden"]
[Date "2024.09.07"]
[Round "6.5"]
[White "Nord, Alexander"]
[Black "Kingsley, Elias"]
[Result "1/2-1/2"]
[TimeControl "15 minutes + 5 seconds per move from move one (Round 1 - 4) / 90 minutes + 30 seconds per move from move one (Round 5 - 8)"]
[WhiteTitle "CM"]
[WhiteFideId "1738135"]
[BlackFideId "1775006"]
[WhiteElo "2209"]
[BlackElo "2047"]

1. d4 Nf6 2. c4 e6 3. Nc3 Bb4 4. e3 O-O 5. Bd2 d5 6. Nf3 b6 7. cxd5 exd5 8. Rc1 Re8 9. Bd3 Bb7 10. O-O c5 11. dxc5 bxc5 12.
a3 Bxc3 13. Bxc3 Nbd7 14. b4 c4 15. Bc2 Ne4 16. Bxe4 Rxe4 17. Nd4 Ne5 18. Nf5 Nd3 19. Rc2 f6 20. Ng3 Re8 21. Qg4 Kh8 22.
Nh5 1/2-1/2

[Event "The Kvibergspelen 2024"]
[Site "Kviberg Park Hotel & Conference, Krutvagen 2, Gothenburg, Sweden"]
[Date "2024.09.07"]
[Round "6.6"]
[White "Ostensson, Julia"]
[Black "Muntean, Victor"]
[Result "0-1"]
[TimeControl "15 minutes + 5 seconds per move from move one (Round 1 - 4) / 90 minutes + 30 seconds per move from move one (Round 5 - 8)"]
[WhiteFideId "1747703"]
[BlackFideId "1054414"]
[WhiteElo "2016"]
[BlackElo "2158"]

1. e4 e5 2. Nf3 Nc6 3. Nc3 Nf6 4. d4 Bb4 5. Nxe5 Qe7 6. Nxc6 Qxe4+ 7. Be2 dxc6 8. O-O Qg6 9. Bd3 Qh5 10.
Qxh5 Nxh5 11. Ne4 f5 12. Ng5 h6 13. Nf3 Be6 14. a3 Bd6 15. Re1 Kf7 16. Ne5+ Kf6 17. f3 g5 18. g3 Rhg8 19.
Bd2 Rad8 20. Re2 c5 21. Rae1 Rge8 22. Bc3 Bxe5 23. Rxe5 cxd4 24. Bd2 Ng7 25. c3 Kf7 26. cxd4 Rxd4 27.
Bb5 Rxd2 28. Bxe8+ Kxe8 29. b4 Kd7 30. R1e3 Rd5 31. Kf2 Rxe5 32. Rxe5 Kd6 33. Ra5 a6 34. b5 axb5 35. Rxb5 Bd5 36.
Ke3 Ne6 37. f4 gxf4+ 38. gxf4 c5 39. Rb1 Nd4 40. a4 Be4 41. Rg1 Nb3 42. Rg6+ Kd5 43. Rxh6 c4 44. Rb6 Nc5 45. h4 c3 46. Rb4 c2 47. Rd4+ Ke6 48. Rc4 Nb3 0-1

[Event "The Kvibergspelen 2024"]
[Site "Kviberg Park Hotel & Conference, Krutvagen 2, Gothenburg, Sweden"]
[Date "2024.09.07"]
[Round "6.7"]
[White "Andersson, Robert"]
[Black "Johansson, William"]
[Result "0-1"]
[TimeControl "15 minutes + 5 seconds per move from move one (Round 1 - 4) / 90 minutes + 30 seconds per move from move one (Round 5 - 8)"]
[WhiteFideId "1703226"]
[BlackFideId "1744070"]
[WhiteElo "2098"]
[BlackElo "1899"]

1. d4 Nf6 2. Nf3 e6 3. g3 b6 4. Bg2 Bb7 5. O-O c5 6. c3 Be7 7. b3 O-O 8. Bb2 d5 9. Ne5 Nbd7 10.
c4 Qc7 11. Nxd7 Qxd7 12. dxc5 bxc5 13. cxd5 exd5 14. e3 Rfd8 15. Nd2 Rac8 16. Rc1 Ba6 17. Re1 c4 18. Nf3 Ne4 19. bxc4 Bxc4 20.
Nd2 Qf5 21. Nxe4 dxe4 22. Qa4 Rd2 23. Kh1 Qxf2 24. Rg1 Rxb2 25. Rxc4 Rxc4 26. Qxc4 Qxe3 27. Bxe4 Bc5 28. Rf1 Rf2 29.
Rxf2 Qxf2 30. Qc1 g6 31. Bd5 Kg7 32. a4 a5 33. Qd1 h5 34. Bc4 Qe3 35. Qf1 Qe4+ 36. Qd1 0-1

[Event "The Kvibergspelen 2024"]
[Site "Kviberg Park Hotel & Conference, Krutvagen 2, Gothenburg, Sweden"]
[Date "2024.09.07"]
[Round "6.8"]
[White "Krilovs, Nikolajs"]
[Black "Ostlund, Joar"]
[Result "0-1"]
[TimeControl "15 minutes + 5 seconds per move from move one (Round 1 - 4) / 90 minutes + 30 seconds per move from move one (Round 5 - 8)"]
[BlackTitle "FM"]
[WhiteFideId "11603100"]
[BlackFideId "1735020"]
[WhiteElo "2054"]
[BlackElo "2335"]

1. c4 e6 2. d4 d5 3. Nc3 Nf6 4. cxd5 exd5 5. Bg5 c6 6. e3 h6 7. Bh4 Be7 8. Bd3 O-O 9. Nge2 Re8 10.
Qc2 a5 11. O-O Na6 12. a3 Nc7 13. Rae1 Ne6 14. f3 b5 15. Bf2 Ba6 16. h3 Qb8 17. e4 b4 18. Nb1 Bxd3 19. Qxd3 dxe4 20.
fxe4 Rd8 21. Qc2 b3 22. Qd3 Nc5 23. Qc4 Ncxe4 24. Nec3 Nxf2 25. Rxf2 Qa7 26. Kh1 Bf8 27. Qxc6 Qxd4 28.
Ref1 Re8 29. Nd2 Rab8 30. Nb5 Qc5 31. Qxc5 Bxc5 32. Nc7 Rec8 33. Rxf6 gxf6 34. Nd5 Rd8 35. Nxf6+ Kf8 36. Nc4 Bd4 37.
Ng4 Kg7 38. Nxa5 Rdc8 39. Rf3 h5 40. Ne3 Rc1+ 41. Kh2 Be5+ 42. g3 Rc2+ 43. Kh1 Rxb2 44. Nac4 Rb1+ 45. Kg2 f6 46. Nd2 Rb2 47.
Nec4 Rc2 0-1

[Event "The Kvibergspelen 2024"]
[Site "Kviberg Park Hotel & Conference, Krutvagen 2, Gothenburg, Sweden"]
[Date "2024.09.07"]
[Round "6.9"]
[White "Frank, Anton"]
[Black "Kashwan, Hassan"]
[Result "1-0"]
[TimeControl "15 minutes + 5 seconds per move from move one (Round 1 - 4) / 90 minutes + 30 seconds per move from move one (Round 5 - 8)"]
[WhiteFideId "1752383"]
[BlackFideId "137122555"]
[WhiteElo "2142"]
[BlackElo "1936"]

1. e4 c5 2. Nf3 d6 3. d4 cxd4 4. Nxd4 Nf6 5. Nc3 a6 6. Bg5 e6 7. f4 Nbd7 8. Qf3 Qc7 9. O-O-O Be7 10.
g4 Rb8 11. Bxf6 gxf6 12. f5 Ne5 13. Qe2 b5 14. fxe6 fxe6 15. g5 b4 16. Qh5+ Ng6 17. Nce2 O-O 18. h4 Rf7 19. Bh3 f5 20.
Rhf1 Qc5 21. exf5 exf5 22. Nf4 Nxf4 23. Rxf4 Qe5 24. Qf3 Bb7 25. Qf2 Be4 26. Re1 Rbf8 27. Nxf5 Rxf5 28. Bxf5 d5 29. Bxh7+ Kg7 30. Rxf8 Bxf8 31.
Bxe4 dxe4 32. Qf6+ 1-0

[Event "The Kvibergspelen 2024"]
[Site "Kviberg Park Hotel & Conference, Krutvagen 2, Gothenburg, Sweden"]
[Date "2024.09.07"]
[Round "6.10"]
[White "Sjoholm, Emil"]
[Black "Lehtonen, Ture"]
[Result "1-0"]
[TimeControl "15 minutes + 5 seconds per move from move one (Round 1 - 4) / 90 minutes + 30 seconds per move from move one (Round 5 - 8)"]
[WhiteFideId "1720449"]
[BlackFideId "1712446"]
[WhiteElo "2092"]
[BlackElo "2099"]

1. e4 d6 2. d4 Nf6 3. f3 c5 4. c3 d5 5. dxc5 dxe4 6. Qxd8+ Kxd8 7. Bg5 Nbd7 8. b4 h6 9. Be3 a5 10.
fxe4 Nxe4 11. Nf3 e6 12. Bd3 Nef6 13. Ke2 Nd5 14. Bd2 Be7 15. a4 Bf6 16. Ra3 Ne5 17. Nxe5 Bxe5 18. b5 Ke7 19.
Be4 Rd8 20. c4 Nb4 21. Be3 f5 22. Bf3 g5 23. g3 Nc2 24. c6 bxc6 25. Bxc6 Rb8 26. Rd3 Rxd3 27. Kxd3 Nb4+ 28. Ke2 Nxc6 29.
bxc6 Kd6 30. Na3 Rb2+ 31. Bd2 Bc3 32. Nb5+ Kxc6 33. Nxc3 Kc5 34. Kd3 e5 35. Nd5 Ba6 36. Be3+ Kd6 37.
Kc3 Ra2 38. Rd1 Kc6 39. Ne7+ Kc7 40. Nxf5 Ra3+ 41. Kb2 Rxa4 42. Nxh6 Rb4+ 43. Kc3 Rxc4+ 44. Kd2 g4 45. Rc1 Rxc1 46.
Kxc1 Bc8 47. Nf7 e4 48. Kb2 Kc6 49. Kc3 Kd5 50. Bf4 Be6 51. Ne5 Kc5 52. Be3+ Kd5 53. Ng6 Bf7 54. Nf4+ Ke5 55.
Ne2 Bg8 56. Bb6 a4 57. Kb4 Bb3 58. Be3 1-0

[Event "The Kvibergspelen 2024"]
[Site "Kviberg Park Hotel & Conference, Krutvagen 2, Gothenburg, Sweden"]
[Date "2024.09.07"]
[Round "6.11"]
[White "Wahlstrom, Lennart"]
[Black "Andersson, Johan"]
[Result "1/2-1/2"]
[TimeControl "15 minutes + 5 seconds per move from move one (Round 1 - 4) / 90 minutes + 30 seconds per move from move one (Round 5 - 8)"]
[WhiteFideId "1706829"]
[BlackFideId "1703935"]
[WhiteElo "2058"]
[BlackElo "2158"]

1. e4 d6 2. d4 Nf6 3. Nc3 c6 4. Nf3 Bg4 5. h3 Bh5 6. Bd3 e6 7. g4 Bg6 8. g5 Nfd7 9. h4 Bh5 10.
Be2 d5 11. a3 Be7 12. Be3 Nb6 13. Ne5 Bxe2 14. Qxe2 N8d7 15. exd5 Nxe5 16. dxe5 Nxd5 17. Bd2 Qc7 18. Nxd5 cxd5 19.
Qb5+ Qd8 1/2-1/2

[Event "The Kvibergspelen 2024"]
[Site "Kviberg Park Hotel & Conference, Krutvagen 2, Gothenburg, Sweden"]
[Date "2024.09.07"]
[Round "6.12"]
[White "Mashhadi, Peyman"]
[Black "Svensson, Leif"]
[Result "1-0"]
[TimeControl "15 minutes + 5 seconds per move from move one (Round 1 - 4) / 90 minutes + 30 seconds per move from move one (Round 5 - 8)"]
[WhiteFideId "1768581"]
[BlackFideId "1702459"]
[WhiteElo "2148"]
[BlackElo "1990"]

1. e4 e5 2. Nf3 Nc6 3. Bb5 Bc5 4. O-O Nge7 5. c3 Bb6 6. d4 exd4 7. cxd4 d5 8. exd5 Nxd5 9. Re1+ Be6 10.
Ne5 Qd6 11. Na3 O-O 12. Nac4 Qb4 13. Bxc6 bxc6 14. a3 Qe7 15. Nxc6 Qh4 16. N4e5 Rfe8 17. a4 a5 18. Nf3 Qh5 19.
Re5 f5 20. Bd2 Bd7 21. Qc2 Nf6 22. Rae1 h6 23. h3 Qf7 24. Re7 Qf8 25. Nh4 Rxe7 26. Nxe7+ 1-0

[Event "The Kvibergspelen 2024"]
[Site "Kviberg Park Hotel & Conference, Krutvagen 2, Gothenburg, Sweden"]
[Date "2024.09.07"]
[Round "6.13"]
[White "Rajcevski, Dejan"]
[Black "Bengtsson, Siv"]
[Result "1/2-1/2"]
[TimeControl "15 minutes + 5 seconds per move from move one (Round 1 - 4) / 90 minutes + 30 seconds per move from move one (Round 5 - 8)"]
[WhiteFideId "1759027"]
[BlackFideId "1701673"]
[WhiteElo "2131"]
[BlackElo "1972"]

1. d4 Nf6 2. Bf4 g6 3. Nc3 d5 4. Qd2 Bg7 5. O-O-O h6 6. f3 g5 7. Bg3 Bf5 8. e3 e6 9. Bd3 Bxd3 10. Qxd3 Nc6 11. Nge2 h5 12. h3 Qd7 13. Na4 b6 14.
Kb1 Ne7 15. b3 Rc8 16. Nac3 c5 17. Qb5 O-O 18. Qxd7 Nxd7 19. Bd6 Rfe8 20. Bxe7 Rxe7 21. h4 g4 22. Na4 f5 23. Nb2 Bh6 24.
f4 Nf6 25. Ng3 cxd4 26. Rxd4 Bg7 27. Rd2 Rc3 28. Nd1 Rc6 29. Nf2 Rc3 30. Re2 Rec7 31. Rd1 Kh7 32. Rd3 Kg6 33. Nd1 R3c6 34.
Nb2 Ne8 35. Rd1 Nd6 36. a4 Bf6 37. Rh1 Rc3 38. Nd1 R3c6 39. Nb2 Rc3 40. Nd1 R3c6 41. Nb2 1/2-1/2

[Event "The Kvibergspelen 2024"]
[Site "Kviberg Park Hotel & Conference, Krutvagen 2, Gothenburg, Sweden"]
[Date "2024.09.07"]
[Round "6.14"]
[White "Sandberg, Lucas"]
[Black "Nilsson, Patrik"]
[Result "1/2-1/2"]
[TimeControl "15 minutes + 5 seconds per move from move one (Round 1 - 4) / 90 minutes + 30 seconds per move from move one (Round 5 - 8)"]
[WhiteFideId "1773712"]
[BlackFideId "1708171"]
[WhiteElo "1887"]
[BlackElo "2124"]

1. Nf3 f5 2. d4 Nf6 3. c4 g6 4. Nc3 Bg7 5. e3 O-O 6. Be2 c6 7. O-O d5 8. Qb3 e6 9. Qa3 Nbd7 10.
Qd6 Ne4 11. Nxe4 fxe4 12. Ne1 e5 13. dxe5 Nxe5 14. Qxd8 Rxd8 15. cxd5 cxd5 16. Nc2 Nc6 17. Rb1 Bf5 18. b4 d4 19.
Bc4+ Kh8 20. Nxd4 Nxd4 21. exd4 Rac8 22. Be2 e3 23. Rb3 exf2+ 24. Kxf2 Rc2 25. Rd1 Bxd4+ 26. Rxd4 Rxd4 27. Bb2 Rxb2 28.
Rxb2 Kg7 29. Ke3 Rh4 30. h3 Kf6 31.
a3 Ke5 32. Rd2 Re4+ 33. Kf3 Rd4 34. Rxd4 Kxd4 35. Kf4 h6 36. g4 Bd7 37. h4 b6 38. g5 h5 39. Bd1 Be8 40. Bf3 1/2-1/2

[Event "The Kvibergspelen 2024"]
[Site "Kviberg Park Hotel & Conference, Krutvagen 2, Gothenburg, Sweden"]
[Date "2024.09.07"]
[Round "6.15"]
[White "Ask, Josef"]
[Black "Dingertz, Gustav"]
[Result "1-0"]
[TimeControl "15 minutes + 5 seconds per move from move one (Round 1 - 4) / 90 minutes + 30 seconds per move from move one (Round 5 - 8)"]
[WhiteTitle "FM"]
[WhiteFideId "1704583"]
[BlackFideId "1767917"]
[WhiteElo "2106"]
[BlackElo "1938"]

1. b3 d5 2. Bb2 Bf5 3. f4 e6 4. Nf3 Nf6 5. e3 Nbd7 6. Be2 h5 7. O-O c6 8. Ne5 h4 9. Bf3 Qc7 10.
d3 Bd6 11. d4 Ne4 12. c4 Nf8 13. Nc3 f6 14. Ng4 O-O-O 15. Rc1 Qf7 16. cxd5 exd5 17. h3 Kb8 18. a3 Re8 19. b4 Nxc3 20.
Rxc3 a6 21. Qb3 Ne6 22. a4 Nc7 23. Be2 Bd7 24. Ba3 b5 25. Rfc1 Kb7 26. Qc2 Qe7 27. Bf3 Rhg8 28. Kh1 Rc8 29.
Rxc6 Bxc6 30. Qxc6+ Ka7 31. a5 Rb8 32. Ne5 fxe5 33. dxe5 Bxe5 34. fxe5 Rb7 35. Bb2 Rd8 36. Bd4+ Kb8 37.
Bg4 Qe8 38. e6 Qe7 39. Be5 Rc8 40. Bd6 Qg5 41. e7 Qxe3 42. Bxc8 1-0

[Event "The Kvibergspelen 2024"]
[Site "Kviberg Park Hotel & Conference, Krutvagen 2, Gothenburg, Sweden"]
[Date "2024.09.07"]
[Round "6.16"]
[White "Nilsson, Oliver"]
[Black "Helin, Mikael"]
[Result "1-0"]
[TimeControl "15 minutes + 5 seconds per move from move one (Round 1 - 4) / 90 minutes + 30 seconds per move from move one (Round 5 - 8)"]
[BlackTitle "CM"]
[WhiteFideId "1730177"]
[BlackFideId "1703838"]
[WhiteElo "2050"]
[BlackElo "1921"]

1. e4 d6 2. d4 Nf6 3. Nc3 Nbd7 4. Nf3 e5 5. g3 Be7 6. Bg2 c6 7. a4 a5 8. O-O h6 9. Re1 Qc7 10.
b3 g5 11. Bb2 Nf8 12. dxe5 dxe5 13. Nxe5 Rg8 14. Nc4 Be6 15. e5 Ng4 16. Nd6+ Bxd6 17. exd6 Qd7 18. Qxg4 O-O-O 19. Qd4 Kb8 20.
Ne4 Rg6 21. Rad1 Bd5 22. Qb6 Ne6 23. Nf6 Rxf6 24. Bxf6 Rg8 25. Bxd5 cxd5 26. Rxd5 Rg6 27. Rxa5 Qc6 28. Rxe6 fxe6 29.
Qa7+ 1-0

[Event "The Kvibergspelen 2024"]
[Site "Kviberg Park Hotel & Conference, Krutvagen 2, Gothenburg, Sweden"]
[Date "2024.09.07"]
[Round "6.17"]
[White "Degerfeldt, Sven"]
[Black "Al Waeli, Laith"]
[Result "0-1"]
[TimeControl "15 minutes + 5 seconds per move from move one (Round 1 - 4) / 90 minutes + 30 seconds per move from move one (Round 5 - 8)"]
[BlackTitle "FM"]
[WhiteFideId "1717430"]
[BlackFideId "4801059"]
[WhiteElo "1915"]
[BlackElo "2049"]

1. d4 Nf6 2. Nf3 g6 3. g3 Bg7 4. Bg2 O-O 5. O-O d6 6. c4 Nbd7 7. Nc3 e5 8. e4 a6 9. dxe5 dxe5 10.
Qc2 c6 11. h3 b5 12. Rd1 Qe7 13. Be3 b4 14. Na4 c5 15. b3 Bb7 16. Ne1 Bc6 17. Nb2 Rfd8 18. Rd2 Nf8 19. Rad1 Ne6 20.
Rxd8+ Rxd8 21. Rxd8+ Qxd8 22. f3 Nh5 23. Kh2 Qf8 24. Qd2 f5 25. Bf2 Bh6 26. Qc2 fxe4 27. fxe4 Nd4 28. Bxd4 cxd4 29.
Bf3 Nf6 30. Qg2 Nd7 31. Nbd3 a5 32. Bg4 Qe7 33. Bxd7 Bxd7 34. Nf3 Bg7 35. g4 Bc6 36. Nf2 Qd7 37. g5 a4 38. Qg4 Qxg4 39.
hxg4 a3 40. Nd2 Bf8 41. Nd3 Be7 42. Kg2 Bxg5 43. Nxe5 Bb7 44. Nef3 Be3 45. Kf1 Bc8 46. g5 Bg4 47. c5 Kf8 48.
Kg2 Ke8 49. Nc4 Be6 50. Nfe5 Bxg5 51. c6 Kd8 52. Na5 Kc7 53. Nd3 Kb6 54. Nb7 Be7 0-1

[Event "The Kvibergspelen 2024"]
[Site "Kviberg Park Hotel & Conference, Krutvagen 2, Gothenburg, Sweden"]
[Date "2024.09.07"]
[Round "6.18"]
[White "Sigeman, Johan"]
[Black "Havner, Arvid"]
[Result "1/2-1/2"]
[TimeControl "15 minutes + 5 seconds per move from move one (Round 1 - 4) / 90 minutes + 30 seconds per move from move one (Round 5 - 8)"]
[WhiteFideId "1705601"]
[BlackFideId "1769308"]
[WhiteElo "2032"]
[BlackElo "1893"]

1. d4 d5 2. Nf3 Nf6 3. g3 g6 4. Bg2 Bg7 5. O-O O-O 6. c4 c6 7. Nc3 Nbd7 8. Qb3 dxc4 9. Qxc4 Nb6 10.
Qd3 Be6 11. Rd1 Bc4 12. Qc2 Nfd5 13. a3 Nxc3 14. bxc3 Nd7 15. e4 Qa5 16. Nd2 Ba6 17. Bb2 c5 18. Rac1 Rac8 19. Bh3 Qc7 20.
d5 c4 21. Nf3 Rcd8 22. Rb1 Nc5 23. Bc1 Qa5 24. Bg5 Rfe8 25. Be3 Na4 26. Bxa7 Ra8 27. Bd7 Nxc3 28. Bb6 Qxa3 29. Bxe8 Nxb1 30.
Bxf7+ Kxf7 31. Ng5+ Kg8 32. Rxb1 Qd3 33. Rc1 Qxc2 34. Rxc2 c3 35. Ne6 Bd3 36. Rc1 c2 37. Nxg7 Kxg7 38.
f3 Ra4 39. Kf2 Rb4 40. Ke3 Rb1 41. Bd4+ Kf7 42. Bb2 Bf1 43. Rxc2 Re1+ 44. Kf2 Rb1 45. Ba3 Ra1 46. Bb2 Rb1 47.
Ba3 Ra1 48. Bb2 1/2-1/2

[Event "The Kvibergspelen 2024"]
[Site "Kviberg Park Hotel & Conference, Krutvagen 2, Gothenburg, Sweden"]
[Date "2024.09.07"]
[Round "6.19"]
[White "Simpson, Liam"]
[Black "Kallen, Jonas"]
[Result "1/2-1/2"]
[TimeControl "15 minutes + 5 seconds per move from move one (Round 1 - 4) / 90 minutes + 30 seconds per move from move one (Round 5 - 8)"]
[WhiteFideId "1778048"]
[BlackFideId "1712896"]
[WhiteElo "1881"]
[BlackElo "2026"]

1. e4 e5 2. Nf3 Nc6 3. Bb5 Nf6 4. O-O Nxe4 5. Re1 Nd6 6. Nxe5 Be7 7. Bxc6 dxc6 8. d4 O-O 9. c4 Nf5 10.
Be3 Bf6 11. Nc3 Re8 12. Ne4 Bxe5 13. dxe5 Nxe3 14. Rxe3 Qxd1+ 15. Rxd1 Be6 16. b3 Rad8 17. Rxd8 Rxd8 18. f4 b6 19.
Kf2 Rd4 20. Kf3 h5 21. h3 h4 22. Ng5 Bf5 23. e6 fxe6 24. Nxe6 Rd7 25. Ng5 Rd3 26. a3 c5 27. b4 cxb4 28. axb4 a5 29. bxa5 bxa5 30. Ke2 Rxe3+ 31. Kxe3 a4 32.
Kd2 a3 33. Kc3 Bd3 34. Nf3 Bxc4 35. Nxh4 Bd5 36. g4 Kf7 37. Nf5 Kf6 38. Nd4 c5 39. Nf5 c4 40. Ne3 Ke6 41. Nc2 a2 42.
Kb2 c3+ 43. Kxc3 Bg2 44. h4 Bh3 45. Kb2 Bxg4 46. Ne3 Bh3 47. Kxa2 Kf6 48. Kb2 Kg6 49. Kc3 Kh5 50. Kd4 Kxh4 51.
Ke5 g5 52. fxg5 Kxg5 1/2-1/2

[Event "The Kvibergspelen 2024"]
[Site "Kviberg Park Hotel & Conference, Krutvagen 2, Gothenburg, Sweden"]
[Date "2024.09.07"]
[Round "6.20"]
[White "Thern, Alfred"]
[Black "Wickstrom, Carina"]
[Result "0-1"]
[TimeControl "15 minutes + 5 seconds per move from move one (Round 1 - 4) / 90 minutes + 30 seconds per move from move one (Round 5 - 8)"]
[WhiteFideId "1775227"]
[BlackFideId "1743201"]
[WhiteElo "1749"]
[BlackElo "2015"]

1. d4 d5 2. Bf4 Nf6 3. Nf3 e6 4. e3 c5 5. c3 Bd6 6. Bg3 O-O 7. Bd3 Qc7 8. Nbd2 Nbd7 9. O-O b6 10.
Qe2 Bb7 11. Bxd6 Qxd6 12. e4 e5 13. Rae1 cxd4 14. cxd4 Rfe8 15. dxe5 Nxe5 16. Nxe5 Qxe5 17. Nf3 Qf4 18. e5 Ne4 19.
g3 Qg4 20. Nd4 Qxe2 21. Rxe2 a6 22. f4 g6 23. Bxe4 dxe4 24. Rc1 Rac8 25. Rec2 Rxc2 26. Rxc2 Rd8 27. Nb3 e3 28. Rc1 a5 29.
Re1 a4 30. Nc1 Rd2 31. Ne2 Rxb2 32. Nc3 b5 33. Rxe3 a3 0-1

[Event "The Kvibergspelen 2024"]
[Site "Kviberg Park Hotel & Conference, Krutvagen 2, Gothenburg, Sweden"]
[Date "2024.09.07"]
[Round "6.21"]
[White "Green, David"]
[Black "Thyberg, Andre"]
[Result "0-1"]
[TimeControl "15 minutes + 5 seconds per move from move one (Round 1 - 4) / 90 minutes + 30 seconds per move from move one (Round 5 - 8)"]
[WhiteFideId "1769332"]
[BlackFideId "1764764"]
[WhiteElo "1869"]
[BlackElo "1994"]

1. e4 e5 2. Nc3 Nf6 3. f4 d5 4. fxe5 Nxe4 5. Qf3 f5 6. d3 Nxc3 7. bxc3 d4 8. Bb2 Nc6 9. Qf4 g5 10. Qf3 Be6 11. Qe2 g4 12.
Qf2 dxc3 13. Bxc3 Qd5 14. d4 O-O-O 15. Ne2 Bb4 16. Rd1 Qe4 17. Rd3 Nxd4 18. Kd1 Nxc2 19. Nf4 Ne3+ 20. Kc1 Ba3+ 21.
Kd2 Nxf1+ 22. Rxf1 Bc4 23. Rd4 Bc5 24. Re1 Bxd4 0-1